 Dungeon Crawl Stone Soup version 0.23.2-33-g5129a83 (webtiles) character file.

Game seed: 15315467737481778816

611 Econoterrorist the Ruffian (level 7, -3/67 HPs)
             Began as a Troll Monk on Aug 5, 2019.
             Slain by Duvessa
             ... wielding a +1 short sword of electrocution
              (15 damage)
             ... on level 4 of the Dungeon.
             The game lasted 00:06:41 (2837 turns).

Econoterrorist the Ruffian (Troll Monk)             Turns: 2837, Time: 00:06:41

Health: -3/67      AC:  6    Str: 20    XL:     7   Next: 20%
Magic:  6/6        EV: 11    Int:  6    God:
Gold:   143        SH:  0    Dex: 14    Spells: 6/6 levels left

rFire    . . .     SeeInvis .     - Unarmed
rCold    . . .     Gourm    +   (no shield)
rNeg     . . .     Faith    .   a - +0 robe
rPois    .         Spirit   .   (helmet restricted)
rElec    .         Reflect  .   (no cloak)
rCorr    .         Harm     .   (gloves unavailable)
MR       .....                  (boots unavailable)
Stlth    ++........             (no amulet)
HPRegen  0.61/turn              (no ring)
MPRegen  0.10/turn              (no ring)

@: no status effects
A: large, unfitting armour, claws 3, fast metabolism 3, gourmand, regeneration
1, shaggy fur 1, tough skin 3
a: no special abilities


You were on level 4 of the Dungeon.
You were full.

You visited 1 branch of the dungeon, and saw 4 of its levels.

You collected 143 gold pieces.

Inventory:

Armour
 a - a +0 robe (worn)
Scrolls
 d - 7 scrolls of identify
 e - 2 scrolls of teleportation {unknown}
 f - a scroll of enchant weapon {unknown}
 i - a scroll of amnesia {unknown}
 j - a scroll of magic mapping {unknown}
Potions
 c - 3 potions of lignification
 g - a potion of agility {unknown}
Comestibles
 b - 9 rations
 h - 2 chunks of flesh


   Skills:
 + Level 3.1 Fighting
 + Level 3.2 Dodging
 - Level 1.0 Stealth
 * Level 7.5 Unarmed Combat


You had 6 spell levels left.
You didn't know any spells.
Your spell library was empty.

Dungeon Overview and Level Annotations

Branches:
Dungeon (4/15)
 Temple: D:4-7

Altars:
Fedhas

Annotations:
D:4 2 transporters, Duvessa; reptisaurus's ghost, amateur OgEn


Innate Abilities, Weirdness & Mutations

You are too large for most types of armour.
You have claws for hands.
Your metabolism is lightning-fast.
You like to eat raw meat.
Your natural rate of healing is unusually fast.
You are covered in fur. (AC +1)
You have extremely tough skin. (AC +3)


Message History

You completely miss Duvessa.
Duvessa is lightly wounded.
Duvessa hits you with a +1 short sword of electrocution.
You scratch Duvessa but do no damage.
Duvessa is lightly wounded.
Duvessa hits you with a +1 short sword of electrocution.
You claw Duvessa!
Duvessa is moderately wounded.
Duvessa hits you with a +1 short sword of electrocution!
* * * LOW HITPOINT WARNING * * *
The gnoll hits you but does no damage. Duvessa closely misses you.
You claw Duvessa!
Duvessa is heavily wounded.
Duvessa closely misses you. The gnoll hits you.
* * * LOW HITPOINT WARNING * * *
Duvessa hits you with a +1 short sword of electrocution.
* * * LOW HITPOINT WARNING * * *
Duvessa hits you but does no damage.
Duvessa hits you with a +1 short sword of electrocution!
You die...

.# ##...# .#
##...# .#
##..#.# .# #
##..##.# .#
#.#####..## .
.# #.......##
.# .#
..#......#g##
# ...
..'.....##e.##
.##
..#....###@..#
.# #...#
+......# ##
#... #...#..#
#.. #..##..#
#.. #.## .# #.
.## # #. . .


You could see Duvessa (berserk) and a gnoll.

Vanquished Creatures
  Sigmund (D:3)
  A phantom (D:4)
  An ogre (D:4)
  Dowan (D:4)
  A bullfrog skeleton (D:4)
  An orc priest (D:4)
  An orc wizard (D:4)
  A worker ant (D:4)
  4 adders
  An ooze (D:2)
  2 worms
  4 dart slugs
  2 leopard geckos
  9 orcs
  4 bats
  2 giant cockroaches
  3 goblins
  6 hobgoblins
  5 jackals
  3 quokkas (D:3)
  A ball python (D:2)
  7 frilled lizards
  5 kobolds
  8 rats
74 creatures vanquished.

Vanquished Creatures (others)
  3 plants (D:4)
3 creatures vanquished.

Grand Total: 77 creatures vanquished

Notes
Turn   | Place    | Note
-------+----------+-------------------------------------------
     0 | D:1      | Econoterrorist the Troll Monk began the quest for the Orb.
     0 | D:1      | Reached XP level 1. HP: 22/22 MP: 0/0
   101 | D:1      | Reached XP level 2. HP: 29/29 MP: 1/1
   230 | D:1      | Reached skill level 4 in Unarmed Combat
   785 | D:2      | Reached XP level 3. HP: 35/36 MP: 2/2
   820 | D:2      | Found a faded altar of an unknown god.
   850 | D:2      | Found a blossoming altar of Fedhas.
  1467 | D:2      | Reached XP level 4. HP: 38/44 MP: 3/3
  1575 | D:3      | Reached skill level 5 in Unarmed Combat
  1790 | D:3      | Noticed Sigmund
  1809 | D:3      | Killed Sigmund
  1809 | D:3      | Reached skill level 6 in Unarmed Combat
  1809 | D:3      | Reached XP level 5. HP: 20/50 MP: 4/4
  2288 | D:4      | Noticed a phantom
  2321 | D:4      | Noticed Duvessa
  2321 | D:4      | Noticed Dowan
  2339 | D:4      | Killed Dowan
  2339 | D:4      | Reached XP level 6. HP: 45/59 MP: 5/5
  2364 | D:4      | Reached skill level 7 in Unarmed Combat
  2581 | D:4      | Found a transporter.
  2604 | D:4      | Noticed reptisaurus's ghost (amateur OgEn)
  2609 | D:4      | Reached XP level 7. HP: 23/67 MP: 6/6
  2624 | D:4      | Found a transporter.
  2837 | D:4      | Slain by Duvessa

Skill      XL: |  1  2  3  4  5  6 |
---------------+-------------------+-----
Unarmed Combat | 4 6 7 |  7.5
Fighting       | 3 |  3.1
Dodging        | 3 |  3.2
Stealth        | |  1.0

Action                   |  1- 3 |  4- 6 |  7- 9 || total
-------------------------+-------+-------+-------++-------
Melee: Unarmed           |    99 |   106 |    26 ||   231
       Punch             |       |     4 |       ||     4
  Use: Scroll            |     2 |       |       ||     2
 Stab: Sleeping          |     2 |     2 |       ||     4
  Eat: Chunk             |    17 |    12 |       ||    29
Armor: Robe              |    31 |    27 |    12 ||    70
Dodge: Dodged            |    40 |    38 |    18 ||    96
